 Dungeon Crawl Stone Soup version 0.30-a0-772-g5528072125 (webtiles) character file.

Game seed: 17085865027360156593

58748 kae the Tortoise (level 14, 0/86 HPs)
             Began as a Gargoyle Earth Elementalist on Feb 12, 2023.
             Was a High Priest of Vehumet.
             Slain by a catoblepas (7 damage)
             ... on level 5 of the Lair of Beasts.
             The game lasted 00:26:19 (22853 turns).

kae the Tortoise (Gargoyle Earth Elementalist)     Turns: 22853, Time: 00:26:20

Health: 0/86       AC: 35    Str: 12    XL:     14   Next: 92%
Magic:  1/26       EV: 12    Int: 21    God:    Vehumet [*****.]
Gold:   1867       SH:  5    Dex: 10    Spells: 19/29 levels left

rFire   . . .      SeeInvis .    U - +0 dagger (venom)
rCold   + . .      Faith    .    (no shield)
rNeg    + . .      Spirit   .    X - +5 scale mail {rC+}
rPois   ∞          Reflect  +    (no helmet)
rElec   +          Harm     .    (no cloak)
rCorr   .          Rampage  .    (no gloves)
Will    +....                    q - +0 pair of boots Stlth
                                 g - amulet of reflection
HPRegen 0.34/turn                O - +4 ring of protection
MPRegen 0.20/turn                o - +4 ring of protection

@: flying, studying Axes
A: sickness immunity, AC +10, big wings, negative energy resistance 1,
electricity resistance, torment resistance 1, petrification resistance
a: Renounce Religion


You were on level 5 of the Lair of Beasts.
You worshipped Vehumet.
Vehumet was extremely pleased with you.
You visited 3 branches of the dungeon, and saw 16 of its levels.
You also visited: Sewer and Bailey.

You collected 1867 gold pieces.


Innate Abilities, Weirdness & Mutations

You are immune to sickness and miasma.
Your stone body is resilient. (AC +10)
You are immune to poison.
Your large and strong wings let you fly.
You resist negative energy. (rN+)
You are resistant to electric shocks. (rElec)
You are resistant to unholy torment.
You are immune to petrification.


   Skills:
 - Level 9.2 Fighting
 + Level 15.6 Armour
 - Level 11.0 Dodging
 - Level 2.1 Stealth
 - Level 8.0 Spellcasting
 - Level 11.0 Conjurations
 - Level 0.7 Transmutations
 - Level 11.0 Earth Magic


You had 19 spell levels left.
You knew the following spells:

 Your Spells              Type           Power      Damage    Failure   Level
a - Sandblast             Erth           100%       2d20      1%          1
b - Stone Arrow           Conj/Erth      100%       3d13      1%          3
c - Passwall              Tmut/Erth      27%        N/A       3%          2
d - Petrify               Tmut/Erth      33%        N/A       22%         4

Your spell library contained the following spells:

 Spells                   Type           Power      Damage    Failure   Level
 Iskenderun's Battlesphe  Conj           53%        2d10      2%          5
 Kiss of Death            Conj/Necr      100%       2d13      1%          1
 Dazzling Flash           Conj/Hex       62%        N/A       2%          3
 Iskenderun's Mystic Bla  Conj/Tloc      31%        2d8       7%          4
 Sticky Flame             Conj/Fire      31%        2d5       7%          4
 Irradiate                Conj/Tmut      16%        3d17      16%         5
 Ignite Poison            Fire/Tmut/Pois 9%         N/A       17%         3
 Freezing Cloud           Conj/Ice/Air   11%        6-21      36%         5
 Confusing Touch          Hex            8%         N/A       58%         3
 Starburst                Conj/Fire      15%        6d6       65%         6
 Dispel Undead            Necr           8%         3d8       94%         4
 Simulacrum               Ice/Necr       4%         N/A       100%        6
 Ignition                 Fire           4%         3d4       100%        8
 Polar Vortex             Ice            4%         N/A       100%        9
 Sublimation of Blood     Necr           Unusable   N/A       N/A         2

Inventory:

Hand Weapons
 U - a +0 dagger of venom (weapon)
   (You took it off a goblin on level 4 of the Dungeon)
Missiles
 h - 6 stones
Armour
 a - a +0 robe
 q - a +0 pair of boots (worn)
   (You found it on level 4 of the Dungeon)
 X - a +5 scale mail of cold resistance (worn)
   (You found it on level 1 of the Lair of Beasts)
 Z - +0 steam dragon scales
   (You found it on level 6 of the Dungeon)
Magical Staves
 b - a staff of cold {!a}
   (You found it on level 5 of the Dungeon)
 l - a staff of fire {!a}
   (You found it on level 5 of the Lair of Beasts)
 H - a staff of poison {!a}
   (You found it in a bailey)
 V - a staff of fire {!a}
   (You found it on level 1 of the Lair of Beasts)
Jewellery
 f - a ring of fire
   (You found it on level 3 of the Lair of Beasts)
 g - an amulet of reflection (around neck)
   (You found it on level 1 of the Dungeon)
 o - a +4 ring of protection (right hand)
   (You found it on level 7 of the Dungeon)
 v - a ring of see invisible
   (You found it on level 4 of the Lair of Beasts)
 A - an amulet of the acrobat
   (You found it on level 4 of the Dungeon)
 C - a ring of ice
   (You found it on level 9 of the Dungeon)
 F - a ring of protection from fire
   (You found it on level 10 of the Dungeon)
 G - an amulet of guardian spirit
   (You found it on level 8 of the Dungeon)
 N - a ring of positive energy
   (You found it on level 9 of the Dungeon)
 O - a +4 ring of protection (left hand)
   (You found it on level 1 of the Dungeon)
 S - a +6 ring of strength
   (You found it on level 10 of the Dungeon)
 T - an amulet of faith {!P}
   (You found it on level 8 of the Dungeon)
 W - a ring of magical power
   (You found it on level 10 of the Dungeon)
Wands
 s - a wand of roots (9)
   (You took it off Duvessa on level 5 of the Dungeon)
 t - a wand of polymorph (5)
   (You found it on level 8 of the Dungeon)
 x - a wand of flame (20)
   (You took it off Maggie on level 8 of the Dungeon)
 y - a wand of charming (10)
   (You found it on level 10 of the Dungeon)
 K - a wand of mindburst (2)
   (You found it on level 9 of the Dungeon)
 R - a wand of digging (11)
   (You took it off a red devil on level 10 of the Dungeon)
Scrolls
 d - a scroll of identify {@r1}
 e - 4 scrolls of amnesia
 i - 9 scrolls of teleportation {@r4}
 p - 3 scrolls of blinking {!r}
 w - 4 scrolls of magic mapping {!r}
 J - 2 scrolls of poison
 Y - a scroll of enchant weapon
Potions
 c - 7 potions of curing {@q1}
 j - a potion of heal wounds {@q2}
 k - 2 potions of lignification {!q}
 m - a potion of berserk rage {!q}
 n - 2 potions of might
 r - 6 potions of haste {@q3}
 u - a potion of cancellation
 z - 2 potions of magic
 B - 2 potions of brilliance
 D - 5 potions of mutation {!q}
 E - a potion of attraction {!q}
 I - a potion of invisibility
Miscellaneous
 L - a lightning rod (4/4)
   (You found it on level 3 of the Lair of Beasts)

Dungeon Overview and Level Annotations

Branches:
Dungeon (10/15) Zot: 25153  Temple (1/1) D:6 Zot: 5743    Lair (5/5) D:10 Zot: 21054
 Shoals (0/4) Lair:2        Snake (0/4) Lair:3        Slime (0/5) Lair:5
  Sewer (visited)          Bailey (visited)
    Orc: D:9-12

Altars:
Ashenzari
Cheibriados
Dithmenos
Elyvilon
Fedhas
Gozag
Hepliaklqana
Kikubaaqudgha
Makhleb
Nemelex Xobeh
Okawaru
Qazlal
Ru
Sif Muna
Trog
Uskayaw
Vehumet
Wu Jian
Xom
Yredelemnul
Zin
The Shining One
Jiyva

Shops:
D:10 !

Annotations:
D:6 3 runed translucent doors, Tungsten's ghost, novice OpBr
D:8 1 runed translucent door
Lair:2 3 runed translucent doors, Tosyappu's ghost, journeyman DrIE

###.P### ###
#P......## #
#.#....####.#
#####.......###
##....PP##.##
#.#..#.........
#P........#
##.###..###....
##..#######
######## #####
#.###
#####...## ####
### .........
#P..
###........
#... ##..@.#
#... #...YF#
#... #...#.#
#... ###. ...
#### .. ###?#
#. #.# # #. ..
#. ##. .#.###.
.. .......


You could see a catoblepas (extremely poisoned) and a cane toad.


Message History

Unknown command.
Casting: Stone Arrow (safe; 1% risk of failure)
Confirm with . or Enter, or press ? or * to list all spells.
Aiming: Stone Arrow (safe; 1% risk of failure)
Press: ? - help, Shift-Dir - straight line, f/p - black mamba
Aim: a black mamba (almost dead, 63% to hit)
The stone arrow hits the black mamba!!
You kill the black mamba!
Vehumet accepts your kill.
You feel your power returning. The manticore barely misses you.
The manticore claws you.
* * * LOW HITPOINT WARNING * * *
The manticore claws you but does no damage.
The lindwurm breathes flames at you.
The blast of flame misses you. 😨 HP[-2] MP[-1]
You take 2 damage, and now have 40/86 hp.
You lost 1 mp, and now have 5/26 mp.
Okay, then.
Casting: Stone Arrow (safe; 1% risk of failure)
Confirm with . or Enter, or press ? or * to list all spells.
Aiming: Stone Arrow (safe; 1% risk of failure)
Press: ? - help, Shift-Dir - straight line, f - manticore
Aim: a manticore (87% to hit)
The stone arrow hits the manticore!!
The sentinel's mark upon you fades away.
The manticore closely misses you. The manticore barely misses you.
The manticore claws you but does no damage.
The lindwurm breathes flames at you. The blast of flame hits you!
* * * LOW HITPOINT WARNING * * *
The manticore bites you but does no damage.
The manticore claws you but does no damage.
The manticore closely misses you. 😨 HP[-10] MP[-3]
You take 10 damage, and now have 30/86 hp.
You lost 3 mp, and now have 2/26 mp.
Your magical effects are unravelling.
You feel magically purged. You block the manticore's attack.
The manticore claws you but does no damage. x2 😨 MP[+1]
As you read the scroll of teleportation {@r4}, it crumbles to dust.
You feel strangely unstable. The manticore bites you!
* * * LOW HITPOINT WARNING * * *
The manticore claws you but does no damage. x2
The lindwurm closely misses you. You block the lindwurm's attack.
The lindwurm claws you but does no damage.
The manticore barely misses you. You block the manticore's attack.
The manticore claws you.
* * * LOW HITPOINT WARNING * * *
The lindwurm bites you but does no damage.
The lindwurm barely misses you.
The lindwurm closely misses you. 😱 HP[-13]
You take 13 damage, and now have 17/86 hp.
Your surroundings suddenly seem different.
You feel yourself speed up. 😱 HP[+1]
You start resting.
A catoblepas is nearby! 😨 HP[+5] MP[+3]
You regained 5 hp, and now have 23/86 hp.
You regained 3 mp, and now have 6/26 mp.
A catoblepas is nearby!
Casting: Stone Arrow (safe; 1% risk of failure)
Confirm with . or Enter, or press ? or * to list all spells.
Aiming: Stone Arrow (safe; 1% risk of failure)
Press: ? - help, Shift-Dir - straight line, f - catoblepas
Aim: a catoblepas (wandering, hasn't noticed you, 100% to hit)
The stone arrow hits the catoblepas!!
The catoblepas bellows! 😨 MP[-2]
You lost 2 mp, and now have 4/26 mp.
Casting: Stone Arrow (safe; 1% risk of failure)
Confirm with . or Enter, or press ? or * to list all spells.
Aiming: Stone Arrow (safe; 1% risk of failure)
Press: ? - help, Shift-Dir - straight line, f/p - catoblepas
Aim: a catoblepas (moderately wounded, 100% to hit)
The stone arrow hits the catoblepas.
The cane toad gives a loud, deep croak! 😨 HP[+1] MP[-3]
You lost 3 mp, and now have 1/26 mp.
Unknown command.
You hit the catoblepas but do no damage.
The catoblepas is poisoned.
The catoblepas gores you!
* * * LOW HITPOINT WARNING * * *
😱 HP[-7]
You take 7 damage, and now have 17/86 hp.
You hit the catoblepas.
The catoblepas looks as sick as possible!
The catoblepas gores you!
* * * LOW HITPOINT WARNING * * *
😱 HP[-11]
You take 11 damage, and now have 6/86 hp.
Unknown command.
You hit the catoblepas but do no damage.
The catoblepas looks as sick as possible!
The cane toad stings you but does no damage.
The catoblepas gores you!
You die...

Skill      XL: |  1  2  3  4  5  6  7  8  9 10 11 12 13 14 |
---------------+-------------------------------------------+-----
Earth Magic    | 4 5 6 7 9 11 | 11.0
Conjurations   | 1 2 3 4 6 8 10 11 | 11.0
Spellcasting   | 3 4 5 6 8 |  8.0
Fighting       | 5 9 |  9.2
Dodging        | 5 10 11 | 11.0
Armour         | 10 15 | 15.6
Stealth        | |  2.1
Transmutations | |  0.7

Action                     |  1- 3 |  4- 6 |  7- 9 | 10-12 | 13-15 || total
---------------------------+-------+-------+-------+-------+-------++-------
  Melee: Unarmed           |     2 |     1 |       |       |       ||     3
         Dagger            |       |    41 |    28 |    52 |   218 ||   339
         Punch             |       |       |       |       |     6 ||     6
   Cast: Sandblast         |    41 |    83 |   135 |   180 |   201 ||   640
         Stone Arrow       |       |       |    44 |   209 |   333 ||   586
         Petrify           |       |       |       |    11 |     3 ||    14
  Evoke: Wand              |       |       |     1 |     1 |       ||     2
    Use: Scroll            |     1 |     8 |     3 |    10 |     7 ||    29
         Potion            |       |       |     3 |       |     2 ||     5
   Stab: Petrified         |       |       |       |    13 |       ||    13
 Armour: Robe              |     5 |    36 |    39 |       |       ||    80
         Steam dragon scal |       |       |       |   130 |     5 ||   135
         Scale mail        |       |       |       |       |   496 ||   496
  Dodge: Dodged            |    10 |    29 |    31 |   132 |   491 ||   693
  Block: Other             |       |    17 |    17 |    58 |   210 ||   302
         Reflection        |       |       |     1 |     1 |     1 ||     3

Levels and vault maps discovered:
D:1:      sevenhm_arrival_forest_fort_small_4, layout_rooms
D:2:      layout_loops_ring, basic_altar, basic_ecumenical_altar,
          kennysheep_cross_bottleneck, columned_hall_lemuel
D:3:      layout_basic, grunt_ministairs_1, minmay_statues_item
D:4:      layout_rooms, mainiacjoe_overflow_large_starburst, minivault_26,
          uniq_robin
D:5:      layout_rooms, cheibrodos_sewer_entry_bend, uniq_duvessa,
          uniq_blork_the_orc
D:6:      lemuel_castle_with_subvaults [lemuel_castle_interior_original],
          layout_gridville, minmay_temple_entry_fiery, gammafunk_ghost_icy
D:7:      kb_forest_paths, layout_loops_ring, hangedman_abyss_or_decor_slice,
          st_stairs_3, kennysheep_generic_room_11
D:8:      minmay_gate_of_8, layout_rooms, minivault_1, minmay_manual_mess,
          uniq_maurice, uniq_maggie, uniq_psyche, uniq_joseph
D:9:      layout_basic, enter_bailey_8
D:10:     layout_roguey, dpeg_lair_monsters, serial_demonic, serial_demonic_d,
          serial_demonic_f, serial_demonic_a, serial_demonic_a, serial_shops,
          kennysheep_mini_moat
Temple:   nicolae_temple_slightly_damp_pantheon
Lair:1:   layout_loops_ring, ebering_ghost_disaster_area, serial_bayou_lake_a
Lair:2:   layout_chaotic_city, nicolae_shoals_entry_roost, basic_altar,
          gammafunk_ghost_ooze, forest_entry_grove, lemuel_fruit_tree
Lair:3:   layout_regular_city, nicolae_snake_entry_squirm,
          minmay_stone_trees_small, kennysheep_catoblepas_arena
Lair:4:   layout_loops_ring
Lair:5:   hangedman_lair_in_review, layout_long_grid,
          nicolae_slime_entry_slimehenge

Notes
Turn   | Place    | Note
-------+----------+-------------------------------------------
     0 | D:1      | kae the Gargoyle Earth Elementalist began the quest for the
                  | Orb.
     0 | D:1      | Reached XP level 1. HP: 10/10 MP: 3/3
     0 | D:1      | magus.rc [v1.11.3]
   151 | D:1      | Reached skill level 4 in Earth Magic
   151 | D:1      | Reached XP level 2. HP: 15/15 MP: 1/5
   690 | D:2      | Found a burning altar of Makhleb.
   699 | D:2      | Reached XP level 3. HP: 19/19 MP: 4/6
   703 | D:2      | Learned a level 3 spell: Stone Arrow
   706 | D:2      | Learned a level 2 spell: Passwall
   810 | D:2      | Found a faded altar of an unknown god.
   884 | D:2      | Reached skill level 1 in Conjurations
   954 | D:2      | Reached XP level 4. HP: 24/24 MP: 5/8
  1564 | D:3      | Reached skill level 2 in Conjurations
  1576 | D:3      | Reached skill level 3 in Spellcasting
  1773 | D:3      | HP: 4/24 [gnoll/+1 flail of protection (11)]
  2021 | D:3      | Reached XP level 5. HP: 26/28 MP: 2/9
  2558 | D:4      | Identified the +10 scimitar of Res Nullius {freeze, Str+5}
  2633 | D:4      | Noticed Robin
  2651 | D:4      | Killed Robin
  2652 | D:4      | Reached skill level 3 in Conjurations
  2652 | D:4      | Reached skill level 5 in Earth Magic
  2754 | D:4      | Found a sparkling altar of Nemelex Xobeh.
  2771 | D:4      | You pick up a book of Geomancy and begin reading...
  2787 | D:4      | Found a hide-covered altar of Uskayaw.
  3092 | D:5      | Entered Level 5 of the Dungeon
  3099 | D:5      | Learned a level 4 spell: Petrify
  3116 | D:5      | Reached XP level 6. HP: 30/32 MP: 4/11
  3197 | D:5      | Reached skill level 4 in Conjurations
  3286 | D:5      | Noticed Blork the orc
  3289 | D:5      | Reached XP level 7. HP: 30/36 MP: 4/12
  3293 | D:5      | Reached skill level 4 in Spellcasting
  3296 | D:5      | Killed Blork the orc
  3297 | D:5      | Reached skill level 5 in Conjurations
  3336 | D:5      | Reached skill level 6 in Earth Magic
  3377 | D:5      | Noticed Dowan
  3488 | D:5      | Noticed Duvessa
  3501 | D:5      | Killed Duvessa
  3504 | D:5      | Killed Dowan
  3505 | D:5      | Reached skill level 6 in Conjurations
  3507 | D:5      | You pick up a book of Ice and begin reading...
  3507 | D:5      | You add the spells Freezing Cloud, Simulacrum and Polar
                  | Vortex to your library.
  3573 | D:5      | Found a glowing drain.
  3583 | Sewer    | Entered a sewer
  3711 | Sewer    | Reached XP level 8. HP: 41/41 MP: 12/14
  4512 | D:6      | Reached skill level 7 in Conjurations
  4512 | D:6      | Reached skill level 7 in Earth Magic
  4523 | D:6      | Reached skill level 5 in Spellcasting
  4882 | D:6      | You pick up a book of Touch and begin reading...
  4882 | D:6      | You add the spells Kiss of Death, Confusing Touch and
                  | Dispel Undead to your library.
  4905 | D:6      | Found a runed translucent gate.
  4943 | D:6      | Found a runed translucent gate.
  4943 | D:6      | Found a runed translucent gate.
  4989 | D:6      | Noticed Tungsten's ghost (novice OpBr)
  5002 | D:6      | Reached skill level 8 in Conjurations
  5008 | D:6      | Reached XP level 9. HP: 43/45 MP: 9/17
  5206 | D:6      | Reached skill level 8 in Earth Magic
  5246 | D:6      | Reached skill level 9 in Conjurations
  5248 | D:6      | Reached skill level 6 in Spellcasting
  5258 | D:6      | HP: 10/45 [orc priest/divine providence (12)]
  5724 | D:6      | Noticed a boulder beetle
  5888 | D:6      | Reached skill level 10 in Conjurations
  6000 | D:6      | Reached skill level 9 in Earth Magic
  6088 | D:6      | Noticed a two-headed ogre
  6106 | D:6      | Killed a two-headed ogre
  6107 | D:6      | Reached XP level 10. HP: 50/50 MP: 6/20
  6289 | D:6      | Reached skill level 7 in Spellcasting
  6372 | D:6      | You pick up a book of Alchemy and begin reading...
  6691 | D:6      | Found a staircase to the Ecumenical Temple.
  6697 | Temple   | Entered the Ecumenical Temple
  6934 | Temple   | Became a worshipper of Vehumet
  7203 | D:7      | Reached skill level 11 in Conjurations
  7432 | D:7      | Reached skill level 10 in Earth Magic
  7973 | D:8      | Noticed Maggie
  8079 | D:8      | Reached skill level 8 in Spellcasting
  8140 | D:8      | Killed Maggie
  8141 | D:8      | Reached skill level 11 in Earth Magic
  8141 | D:8      | Reached skill level 1 in Fighting
  8181 | D:8      | Noticed Joseph
  8186 | D:8      | Killed Joseph
  8187 | D:8      | Reached skill level 3 in Fighting
  8245 | D:8      | You add the spells Ignite Poison, Sticky Flame and Ignition
                  | to your library.
  8330 | D:8      | Noticed Psyche
  8332 | D:8      | Killed Psyche
  8333 | D:8      | Reached skill level 4 in Fighting
  8380 | D:8      | Reached skill level 5 in Fighting
  8380 | D:8      | Reached XP level 11. HP: 57/63 MP: 11/23
  8579 | D:7      | Noticed a two-headed ogre
  8583 | D:7      | Killed a two-headed ogre
  8584 | D:7      | Reached skill level 6 in Fighting
  8681 | D:7      | Reached skill level 7 in Fighting
  8843 | D:7      | Reached * piety under Vehumet
  8843 | D:7      | Offered knowledge of Magic Dart by Vehumet.
  9340 | D:7      | Identified a scroll of acquirement
  9438 | D:8      | Noticed a two-headed ogre
  9441 | D:8      | Killed a two-headed ogre
  9442 | D:8      | Reached skill level 8 in Fighting
  9757 | D:8      | Noticed a boulder beetle
  9757 | D:8      | Noticed a centaur warrior
  9758 | D:8      | Found a runed translucent door.
  9760 | D:8      | Noticed an ogre mage
  9760 | D:8      | Noticed a centaur warrior
  9760 | D:8      | Noticed a deep elf pyromancer
  9760 | D:8      | Noticed a death knight
 10125 | D:8      | Noticed Maurice
 10133 | D:8      | Killed Maurice
 10244 | D:9      | Reached skill level 9 in Fighting
 10252 | D:9      | Reached skill level 2 in Dodging
 10280 | D:9      | Found a flagged portal.
 10290 | Bailey   | Entered a bailey
 10303 | Bailey   | Reached skill level 3 in Dodging
 10455 | Bailey   | Offered knowledge of Scorch by Vehumet.
 10457 | Bailey   | Reached ** piety under Vehumet
 10496 | Bailey   | Reached skill level 4 in Dodging
 10576 | Bailey   | Noticed Prince Ribbit
 10577 | Bailey   | Noticed a vault guard
 10593 | Bailey   | Killed a vault guard
 10602 | Bailey   | Killed Prince Ribbit
 10760 | Bailey   | Noticed a vault guard
 10770 | Bailey   | Killed a vault guard
 10771 | Bailey   | Reached skill level 5 in Dodging
 11035 | D:9      | You pick up a book of Touch and begin reading...
 11173 | D:9      | Reached XP level 12. HP: 76/76 MP: 14/24
 11177 | D:9      | Reached skill level 6 in Dodging
 12246 | D:10     | Entered Level 10 of the Dungeon
 12297 | D:10     | Found Mabbehon's Distillery.
 12300 | D:10     | Acquired 843 gold pieces
 12417 | D:10     | You pick up a book of Spectacle and begin reading...
 12417 | D:10     | You add the spells Dazzling Flash, Iskenderun's Mystic
                  | Blast and Starburst to your library.
 12459 | D:10     | Reached skill level 7 in Dodging
 12603 | D:10     | Noticed a death yak
 12625 | D:10     | Noticed a death yak
 12626 | D:10     | Noticed a death yak
 12627 | D:10     | Killed a death yak
 12627 | D:10     | Noticed a death yak
 12627 | D:10     | Noticed a death yak
 12725 | D:10     | Offered knowledge of Poisonous Vapours by Vehumet.
 12844 | D:10     | Noticed a death yak
 12858 | D:10     | Killed a death yak
 13098 | D:10     | Reached skill level 8 in Dodging
 13362 | D:10     | Noticed a soul eater
 13516 | D:10     | Killed a soul eater
 13516 | D:10     | Reached *** piety under Vehumet
 13517 | D:10     | Reached skill level 9 in Dodging
 13601 | D:10     | Noticed a sun demon
 13606 | D:10     | Killed a sun demon
 13777 | D:10     | Found a staircase to the Lair.
 14074 | Lair:1   | Entered Level 1 of the Lair of Beasts
 14124 | Lair:1   | Reached skill level 10 in Dodging
 14237 | Lair:1   | Offered knowledge of Mephitic Cloud by Vehumet.
 14262 | Lair:1   | Reached XP level 13. HP: 64/80 MP: 16/25
 14913 | Lair:1   | Found a large runed translucent door.
 14913 | Lair:1   | Found a large runed translucent door.
 14919 | Lair:1   | Noticed MCDelver's ghost (journeyman OpFE)
 15212 | Lair:1   | Killed MCDelver's ghost
 15213 | Lair:1   | Reached skill level 1 in Armour
 15362 | Lair:2   | Reached skill level 2 in Armour
 15595 | Lair:2   | Reached skill level 3 in Armour
 15600 | Lair:2   | Reached skill level 11 in Dodging
 15751 | Lair:2   | Found a bloodstained altar of Trog.
 15789 | Lair:2   | Reached skill level 4 in Armour
 15942 | Lair:2   | Found a staircase to the Shoals.
 15950 | Lair:2   | Reached skill level 5 in Armour
 16403 | Lair:2   | Reached skill level 6 in Armour
 16612 | Lair:2   | Found a runed translucent gate.
 16612 | Lair:2   | Found a runed translucent gate.
 16612 | Lair:2   | Found a runed translucent gate.
 16613 | Lair:2   | Found a viscous altar of Jiyva.
 16613 | Lair:2   | Noticed a great orb of eyes
 16613 | Lair:2   | Noticed Tosyappu's ghost (journeyman DrIE)
 16895 | Lair:3   | Reached skill level 7 in Armour
 17357 | Lair:3   | Reached skill level 8 in Armour
 17492 | Lair:3   | Reached **** piety under Vehumet
 17738 | Lair:3   | Reached skill level 9 in Armour
 17929 | Lair:3   | Found a staircase to the Snake Pit.
 18027 | Lair:3   | Offered knowledge of Flame Wave by Vehumet.
 18129 | Lair:3   | Reached skill level 10 in Armour
 18532 | Lair:3   | Gained mutation: Your large and strong wings let you fly.
                  | [Gargoyle growth]
 18532 | Lair:3   | Reached XP level 14. HP: 86/86 MP: 7/26
 18779 | Lair:3   | Reached skill level 11 in Armour
 18826 | Lair:3   | HP: 12/86 [death yak (17)]
 19315 | Lair:4   | Reached skill level 12 in Armour
 20078 | Lair:4   | Reached skill level 13 in Armour
 20611 | Lair:5   | Entered Level 5 of the Lair of Beasts
 20795 | Lair:4   | HP: 20/86 [wolf (4)]
 21165 | Lair:5   | Reached ***** piety under Vehumet
 21174 | Lair:5   | Offered knowledge of Iskenderun's Battlesphere by Vehumet.
 21412 | Lair:5   | Reached skill level 14 in Armour
 21584 | Lair:5   | HP: 20/86 [wolf (8)]
 21820 | Lair:5   | Found a staircase to the Slime Pits.
 21820 | Lair:5   | Found a viscous altar of Jiyva.
 22163 | Lair:5   | Reached skill level 15 in Armour
 22831 | Lair:5   | HP: 21/86 [manticore (10)]
 22851 | Lair:5   | HP: 17/86 [catoblepas (7)]
 22852 | Lair:5   | HP: 6/86 [catoblepas (11)]
 22853 | Lair:5   | Slain by a catoblepas

Vanquished Creatures
  The ghost of MCDelver the Reanimator, a journeyman OpFE of Gozag (Lair:1)
  2 vault guards (Bailey)
  2 catoblepae (Lair:3)
  2 boulder beetles
  2 hydras
  3 two-headed ogres
  7 death yaks
  A sun demon (D:10)
  A soul eater (D:10)
  2 sixfirhies (D:10)
  4 skysharks
  A harpy (Lair:2)
  An ugly thing (D:9)
  18 elephants
  Joseph (D:8)
  Maurice (D:8)
  6 black mambas
  11 cane toads
  A smoke demon (D:10)
  2 orange demons (D:10)
  Maggie (D:8)
  Psyche (D:8)
  8 komodo dragons
  4 rime drakes
  An ice devil (D:10)
  A red devil (D:10)
  A troll (D:9)
  A hellwing (D:10)
  A meliai (D:8)
  3 polar bears
  3 hornets
  Prince Ribbit (Bailey)
  20 blink frogs
  41 yaks
  5 wyverns
  A spriggan (Lair:2)
  2 wraiths (D:8)
  2 ynoxinuls (D:10)
  3 slime creatures (D:7)
  4 basilisks
  3 steam dragons
  3 humans (Bailey)
  3 nagas (Lair:3)
  A warg (D:6)
  Duvessa (D:5)
  18 water moccasins
  2 ice beasts
  3 black bears
  3 sky beasts
  10 ogres
  5 orc warriors
  A centaur (Lair:2)
  27 wolves
  2 phantoms (D:7)
  4 kobold brigands
  Blork the orc (D:5)
  A gnoll sergeant (D:7)
  19 bullfrogs
  4 necrophages
  2 scorpions (D:5)
  Dowan (D:5)
  2 electric eels (Lair:1)
  12 howler monkeys
  A quasit (D:10)
  8 hounds
  5 orc priests
  7 jellies
  5 gnoll boudas (D:6)
  19 orc wizards
  2 iguanas
  Robin (D:4)
  20 gnolls
  5 adders
  A shadow imp (D:7)
  An ufetubus (D:6)
  4 worms
  4 dart slugs
  27 orcs
  3 bats
  10 endoplasms
  12 giant cockroaches
  18 goblins
  12 hobgoblins
  7 quokkas
  9 ball pythons
  5 frilled lizards
  8 kobolds
  5 rats
500 creatures vanquished.

Vanquished Creatures (others)
  An orc (D:7)
  3 demonic plants (D:10)
  33 fungi
  41 plants
78 creatures vanquished.

Grand Total: 578 creatures vanquished

Table legend:
 A = Non-vault XP
 B = Vault XP
 C = Vault XP percentage of total XP
 D = Non-vault monster count
 E = Vault monster count
 F = Vault count percentage of total count
                 A         B        C        D         E       F
            +---------+---------+-------+---------+---------+-------
      Total |   59288 |   24639 |  29.4 |     325 |     175 |  35.0
            +---------+---------+-------+---------+---------+-------
        D:1 |      45 |       0 |   0.0 |      17 |       0 |   0.0
        D:2 |      73 |       0 |   0.0 |      12 |       0 |   0.0
        D:3 |      72 |       4 |   5.3 |      17 |       2 |  10.5
        D:4 |      17 |      37 |  68.5 |       8 |      13 |  61.9
        D:5 |     638 |     315 |  33.1 |      18 |       4 |  18.2
        D:6 |     768 |    3535 |  82.2 |      17 |      52 |  75.4
        D:7 |    1970 |    1492 |  43.1 |      25 |       9 |  26.5
        D:8 |    2129 |    2157 |  50.3 |      13 |       8 |  38.1
        D:9 |    3840 |       0 |   0.0 |      24 |       0 |   0.0
       D:10 |    1940 |    7340 |  79.1 |      17 |      15 |  46.9
     Lair:1 |    2981 |     880 |  22.8 |      18 |       1 |   5.3
     Lair:2 |    6556 |    1721 |  20.8 |      20 |       8 |  28.6
     Lair:3 |   17001 |    1346 |   7.3 |      45 |       4 |   8.2
     Lair:4 |    7724 |      49 |   0.6 |      29 |       4 |  12.1
     Lair:5 |   13534 |    2228 |  14.1 |      45 |      10 |  18.2
      Sewer |       0 |     212 | 100.0 |       0 |      22 | 100.0
     Bailey |       0 |    3323 | 100.0 |       0 |      23 | 100.0
            +---------+---------+-------+---------+---------+-------

Illustrated notes

Table legend:
 A = Kills in this place as a percentage of kills in entire the game.
 B = Kills by you in this place as a percentage of kills by you in the entire game.
 C = Kills by friends in this place as a percentage of kills by friends in the entire game.
 D = Other kills in this place as a percentage of other kills in the entire game.
 E = Experience gained in this place as a percentage of experience gained in the entire game.
 F = Experience gained in this place divided by the number of levels of this place that you have seen.
                   A       B       C       D       E      F
               +-------+-------+-------+-------+-------+----------------------
         Total | 100.0 | 100.0 |   N/A |   N/A | 100.0 | 4662.6
       Dungeon |  54.2 |  54.2 |   N/A |   N/A |  31.4 | 2637.2
          Lair |  36.8 |  36.8 |   N/A |   N/A |  64.4 | 10804.0
         Sewer |   4.4 |   4.4 |   N/A |   N/A |   0.3 | 212.0
        Bailey |   4.6 |   4.6 |   N/A |   N/A |   4.0 | 3323.0
               +-------+-------+-------+-------+-------+----------------------

Table legend: (Time is in decaauts)
 A = Elapsed time spent in this place.
 B = Non-inter-level travel time spent in this place.
 C = Inter-level travel time spent in this place.
 D = Time resting spent in this place.
 E = Time spent auto-exploring this place.
 F = Levels seen in this place.
 G = Mean time per level.
                   A        B        C        D        E       F      G
               +--------+--------+--------+--------+--------+-----+--------+
         Total |  23322 |  22600 |    722 |   3158 |  15705 |  18 | 1295.7 |
       Dungeon |  12751 |  12233 |    518 |   1979 |   8164 |  10 | 1275.1 |
        Temple |    256 |    205 |     51 |      0 |    184 |   1 |  256.0 |
          Lair |   8944 |   8792 |    152 |    759 |   6645 |   5 | 1788.8 |
         Sewer |    748 |    748 |      0 |    117 |    516 |   1 |  748.0 |
        Bailey |    621 |    621 |      0 |    303 |    194 |   1 |  621.0 |
               +--------+--------+--------+--------+--------+-----+--------+

Top non-repeatable levels by time:
     D:6: 2340 daAuts
  Lair:3: 2294 daAuts
  Lair:2: 1974 daAuts
  Lair:5: 1937 daAuts
     D:7: 1933 daAuts
    D:10: 1735 daAuts
     D:9: 1567 daAuts
  Lair:4: 1410 daAuts
  Lair:1: 1327 daAuts
     D:8: 1191 daAuts
     D:2: 875 daAuts
     D:3: 860 daAuts
     D:5: 831 daAuts
     D:1: 753 daAuts
   Sewer: 748 daAuts
